 Dungeon Sprint DCSS version 0.23.2-40-g277498a001 (webtiles) character file.

Game seed: 17076736457636575339

464372 Groucho the Conqueror (level 21, -18/224 HPs)
             Began as a Minotaur Fighter on Sept 18, 2019.
             Was an Elder of Cheibriados.
             Killed by a greater mummy's death curse (27 damage)
             ... in the Dungeon (Sprint IX: "|||||||||||||||||||||||||||||").
             The game lasted 00:47:41 (13921 turns).

Groucho the Conqueror (Minotaur Fighter)           Turns: 13921, Time: 00:47:41

Health: -18/224    AC: 37    Str: 31    XL:     21   Next: 45%
Magic:  11/39      EV: 32    Int: 10    God:    Cheibriados [****..]
Gold:   875        SH: 40    Dex: 31    Spells: 50/50 levels left

rFire    + + .     SeeInvis +   y - +9 sacred scourge (holy)
rCold    + . .     Gourm    .   a - +10 large shield of Ignorance {rN+ Int-4}
rNeg     + . .     Faith    .   U - +9 gold dragon scales
rPois    +         Spirit   .   T - +0 hat {SInv}
rElec    .         Reflect  .   E - scarf {repulsion}
rCorr    .         Harm     .   q - +0 pair of gloves
MR       +....     NoTele   +   (no boots)
Stlth    ..........             C - amulet "Buschaco" {RegenMP rF+}
HPRegen  0.47/turn              I - +2 ring of slaying
MPRegen  0.51/turn              V - ring of Owkebem {Dex+3 Slay+3}

@: very slightly contaminated, invisible, repel missiles, very slow
A: retaliatory headbutt, horns 2, inhibited regeneration, evolution 1
}: 7/17 runes: decaying, serpentine, barnacled, slimy, elven, silver, gossamer
a: Bend Time, Temporal Distortion, Slouch, Renounce Religion


You were in the Dungeon.
You worshipped Cheibriados.
Cheibriados was greatly pleased with you.
You were not hungry.

You visited 1 branch You collected 1941 gold pieces.
You spent 1066 gold pieces at shops.

Inventory:

Hand Weapons
 p - a +2 morningstar of crushing
 y - a +9 sacred scourge of holy wrath (weapon)
 R - a +4 broad axe of flaming
Missiles
 b - a tomahawk
 K - 39 javelins (quivered)
 L - 30 poisoned javelins
Armour
 a - the +10 large shield of Ignorance (worn) {rN+ Int-4}
   (You found it in the Dungeon)

   It affects your intelligence (-4).
   It protects you from negative energy.
 q - a +0 pair of gloves (worn)
 E - a scarf of repulsion (worn)
 T - a +0 hat of see invisible (worn)
 U - +9 gold dragon scales (worn)
Jewellery
 r - an uncursed ring of see invisible
 u - a +2 ring of evasion
 C - the amulet "Buschaco" (around neck) {RegenMP rF+}
   (You found it in the Dungeon)

   [amulet of magic regeneration]

   It increases your magic regeneration.
   It protects you from fire.
 H - an uncursed amulet of regeneration
 I - a +2 ring of slaying (left hand)
 O - a +4 ring of protection
 V - the ring of Owkebem (right hand) {Dex+3 Slay+3}
   (You found it in the Dungeon)

   [ring of dexterity]

   It affects your dexterity (+3).
   It affects your accuracy and damage with ranged weapons and melee attacks
   (+3).
 W - the ring of Nigreu {MR++ Int+3 Dex+7}
   (You found it in the Dungeon)

   [ring of intelligence]

   It affects your intelligence (+3).
   It affects your dexterity (+7).
   It affects your resistance to hostile enchantments.
Wands
 c - a wand of flame (32)
 o - a wand of acid (10)
Scrolls
 k - 3 scrolls of blinking
 m - 9 scrolls of remove curse
 n - 2 scrolls of amnesia
 s - 2 scrolls of fear
 w - a scroll of enchant weapon
 x - 4 scrolls of fog
 B - a scroll of immolation
 D - 4 scrolls of identify
Potions
 d - 2 potions of might
 e - 4 potions of curing
 i - 4 potions of magic
 v - 2 potions of brilliance
 J - 2 potions of lignification {unknown}
 S - a potion of cancellation {unknown}
Comestibles
 A - 3 rations


   Skills:
 O Level 27 Fighting
 O Level 27 Axes
 O Level 27 Maces & Flails
 O Level 27 Throwing
 O Level 27 Armour
 O Level 27 Dodging
 O Level 27 Shields
 O Level 27 Unarmed Combat
 + Level 15.3 Spellcasting
 O Level 27 Invocations
 + Level 19.0 Evocations


You had 50 spell levels left.
You didn't know any spells.
Your spell library was empty.

Dungeon Overview and Level Annotations

Branches:
Dungeon (1/1)

Altars:
Cheibriados
Dithmenos
Elyvilon
Fedhas
Gozag
Hepliaklqana
Kikubaaqudgha
Makhleb
Nemelex Xobeh
Okawaru
Qazlal
Ru
Sif Muna
Trog
Uskayaw
Vehumet
Wu Jian
Xom
Yredelemnul
Zin
The Shining One
Beogh
Jiyva
Lugonu

Shops:
D [}(?


Innate Abilities, Weirdness & Mutations

You reflexively headbutt those who attack you in melee.
You have a pair of horns on your head.
You do not regenerate when monsters are visible.
You evolve.


Message History

You headbutt the greater mummy!!
The greater mummy is heavily damaged.
The greater mummy mumbles some strange words.
You devastate the greater mummy!!!
The greater mummy convulses!
You headbutt the greater mummy!
The greater mummy is almost destroyed.
You hit the greater mummy but do no damage.
The greater mummy is almost destroyed.
You block the greater mummy's attack.
You devastate the greater mummy!!!
You destroy the greater mummy!
Cheibriados thoroughly appreciates the change of pace.
You can now inflict damage on those overly hasty.
Cheibriados raises the support of your attributes as your movement slows.
The mummy disappears in a puff of smoke!
Your Spellcasting skill increases to level 15!
Your Evocations skill increases to level 19!
You feel extremely nervous for a moment...
You convulse helplessly as pain tears through your body!
You die...

▓▓▓▓▓▓▓▓▓▓▓▓▓▓▓▓▓▓▓
............+....§▓
▓▓▓▓▓▓▓▓▓▓▓▓▓▓▓▓▓(▓
................@.▓
♣♣♣▓▓▓▓▓▓▓▓▓▓▓▓▓▓▓▓
)))......).)).))).▓
♣♣♣▓▓▓▓▓▓▓▓▓▓▓▓▓▓.▓
..................▓
▓▓▓▓▓▓▓▓▓▓▓▓▓▓▓▓▓▓▓
........'.........▓
▓▓▓▓▓▓▓▓▓▓▓▓▓▓▓▓▓.▓
..................▓


There were no monsters in sight!

Vanquished Creatures
  the Royal Jelly (D)
  2 orbs of fire (D)
  Mennas (D)
  5 ancient liches (D)
  Boris (D)
  Sojobo (D)
  3 greater mummies (D)
  Margery (D)
  Saint Roka (D)
  Xtahua (D)
  3 golden dragons (D)
  3 electric golems (D)
  2 liches (D)
  3 tentacled monstrosities (D)
  27 Orb Guardians (D)
  3 deep elf blademasters (D)
  A titan (D)
  4 quicksilver dragons (D)
  4 deep elf master archers (D)
  14 acid blobs (D)
  2 death cobs (D)
  Kirke (D)
  8 shadow dragons (D)
  Agnes (D)
  2 tengu reavers (D)
  5 draconian monks (D)
  13 sphinxes (D)
  7 storm dragons (D)
  Ilsuiw (D)
  3 nagarajas (D)
  4 fire giants (D)
  8 azure jellies (D)
  A vault warden (D)
  A draconian knight (D)
  2 deep elf sorcerers (D)
  4 ghost moths (D)
  4 emperor scorpions (D)
  4 draconian scorchers (D)
  A draconian shifter (D)
  Louise (D)
  4 ironheart preservers (D)
  A very ugly thing (D)
  8 vampire knights (D)
  7 stone giants (D)
  6 green draconians (D)
  A deep elf demonologist (D)
  2 black draconians (D)
  Nessos (D)
  A purple draconian (D)
  A red draconian (D)
  A deep elf annihilator (D)
  2 white draconians (D)
  A yellow draconian (D)
  3 deep elf death magi (D)
  6 merfolk javelineers (D)
  7 death oozes (D)
  5 mummy priests (D)
  A fire dragon (D)
  5 yaktaur captains (D)
  2 great orbs of eyes (D)
  Harold (D)
  3 merfolk impalers (D)
  25 vault guards (D)
  9 hydras (D)
  4 ice dragons (D)
  3 naga warriors (D)
  A rakshasa (D)
  3 merfolk aquamancers (D)
  Erica (D)
  3 centaur warriors (D)
  2 merfolk avatars (D)
  4 ogre magi (D)
  A naga sharpshooter (D)
  A deep troll shaman (D)
  A tengu warrior (D)
  Nergalle (D)
  5 orc high priests (D)
  4 spriggan berserkers (D)
  2 hell knights (D)
  3 shock serpents (D)
  A deep elf knight (D)
  A skeletal warrior (D)
  A flayed ghost (D)
  2 sea snakes (D)
  3 glowing orange brains (D)
  3 lindwurms (D)
  6 swamp dragons (D)
  4 necromancers (D)
  A deep elf archer (D)
  3 ironbrand convokers (D)
  4 orc knights (D)
  3 wolf spiders (D)
  An orb spider (D)
  2 ugly things (D)
  A salamander (D)
  A cyclops (D)
  11 moths of wrath (D)
  An orc sorcerer (D)
  An elephant (D)
  A manticore (D)
  2 guardian serpents (D)
  A merfolk siren (D)
  5 naga magi (D)
  4 black mambas (D)
  3 vault sentinels (D)
  4 spiny frogs (D)
  2 yaktaurs (D)
  A komodo dragon (shapeshifter) (D)
  A komodo dragon (D)
  3 freezing wraiths (D)
  18 guardian mummies (D)
  3 tengu conjurers (D)
  3 demonic crawlers (D)
  A small abomination (D)
  4 jumping spiders (D)
  A wind drake (D)
  A merfolk (D)
  A hornet (D)
  A bog body (D)
  A slime creature (D)
  A snapping turtle (D)
  A dream sheep (D)
  A hippogriff (D)
  3 redbacks (D)
  A wyvern (D)
  11 spriggans (D)
  A yak (D)
  A water elemental (D)
  A vampire (D)
  A wraith (D)
  A basilisk (D)
  A golden eye (D)
  A hungry ghost (D)
  2 hogs (D)
  A soldier ant (D)
  A naga (D)
  A warg (shapeshifter) (D)
  An acid dragon (D)
  A water moccasin (D)
  2 floating eyes (D)
  4 swamp drakes (D)
  A porcupine (D)
  13 orc warriors (D)
  An ogre (D)
  A centaur (D)
  An eye of draining (D)
  5 crocodiles (D)
  2 bullfrogs (D)
  A scorpion (D)
  A wight (D)
  A hound (D)
  13 orc priests (D)
  A jelly (D)
  3 orc wizards (D)
  A worker ant (D)
  2 adders (D)
  A gnoll (D)
  5 worms (D)
  9 orcs (D)
  2 bat skeletons (D)
  A goblin (D)
  2 kobolds (D)
  A ball python skeleton (D)
  A bat (D)
  A frilled lizard (D)
515 creatures vanquished.

Vanquished Creatures (others)
  A spark wasp (D)
  A tyrant leech (D)
  A shadow (D)
3 creatures vanquished.

Grand Total: 518 creatures vanquished

Notes
Turn   | Place    | Note
-------+----------+-------------------------------------------
     0 | D        | Groucho the Minotaur Fighter began the quest for the Orb.
     0 | D        | Reached XP level 1. HP: 19/19 MP: 0/0
    22 | D        | Noticed a centaur
    24 | D        | Reached XP level 2. HP: 26/28 MP: 1/1
    25 | D        | Reached skill level 5 in Fighting
    25 | D        | Reached skill level 5 in Armour
    26 | D        | Reached skill level 5 in Shields
    32 | D        | Killed a centaur
    32 | D        | Reached skill level 5 in Axes
    32 | D        | Reached XP level 3. HP: 25/38 MP: 2/2
    32 | D        | Reached XP level 4. HP: 29/45 MP: 3/3
    39 | D        | Found a roughly hewn altar of Beogh.
    39 | D        | Found a snail-covered altar of Cheibriados.
    39 | D        | Found a shadowy altar of Dithmenos.
    39 | D        | Found a white marble altar of Elyvilon.
    39 | D        | Found a blossoming altar of Fedhas.
    39 | D        | Found an opulent altar of Gozag.
    40 | D        | Found a hazy altar of Hepliaklqana.
    41 | D        | Found a viscous altar of Jiyva.
    42 | D        | Found an ancient bone altar of Kikubaaqudgha.
    43 | D        | Became a worshipper of Cheibriados the Contemplative
    44 | D        | Found a corrupted altar of Lugonu.
    45 | D        | Found a burning altar of Makhleb.
    46 | D        | Found a sparkling altar of Nemelex Xobeh.
    47 | D        | Found an iron altar of Okawaru.
    48 | D        | Found a stormy altar of Qazlal.
    49 | D        | Found a sacrificial altar of Ru.
    50 | D        | Found a deep blue altar of Sif Muna.
    51 | D        | Found a bloodstained altar of Trog.
    52 | D        | Found a hide-covered altar of Uskayaw.
    53 | D        | Found a radiant altar of Vehumet.
    54 | D        | Found an ornate altar of the Wu Jian Council.
    55 | D        | Found a shimmering altar of Xom.
    56 | D        | Found a basalt altar of Yredelemnul.
    57 | D        | Found a glowing silver altar of Zin.
    58 | D        | Found a glowing golden altar of the Shining One.
   113 | D        | Noticed an ogre
   113 | D        | Noticed a wyvern
   113 | D        | Noticed a hungry ghost
   114 | D        | Reached skill level 1 in Invocations
   117 | D        | Reached * piety under Cheibriados
   117 | D        | Reached XP level 5. HP: 49/51 MP: 3/5
   126 | D        | Killed a hungry ghost
   126 | D        | Reached XP level 6. HP: 59/61 MP: 4/7
   132 | D        | Killed a wyvern
   132 | D        | Reached ** piety under Cheibriados
   134 | D        | Reached skill level 5 in Invocations
   134 | D        | Reached XP level 7. HP: 70/70 MP: 5/9
   376 | D        | Noticed a manticore
   376 | D        | Noticed a shadow
   376 | D        | Noticed a vampire
   379 | D        | Reached *** piety under Cheibriados
   399 | D        | Killed a shadow
   404 | D        | Killed a vampire
   410 | D        | Killed a manticore
   410 | D        | Reached **** piety under Cheibriados
   410 | D        | Reached skill level 10 in Fighting
   410 | D        | Reached skill level 10 in Axes
   410 | D        | Reached skill level 10 in Armour
   410 | D        | Reached skill level 10 in Shields
   410 | D        | Reached XP level 8. HP: 36/80 MP: 11/11
   878 | D        | Noticed a spiny frog
   878 | D        | Noticed a spiny frog
   883 | D        | Killed a spiny frog
   884 | D        | Reached ***** piety under Cheibriados
   886 | D        | Killed a spiny frog
   887 | D        | Reached XP level 9. HP: 75/90 MP: 7/14
   890 | D        | Noticed a black mamba
   894 | D        | Killed a black mamba
   935 | D        | Noticed an elephant
   935 | D        | Noticed a spiny frog
   935 | D        | Noticed a komodo dragon
   937 | D        | Reached ****** piety under Cheibriados
   940 | D        | Killed a komodo dragon
   942 | D        | Killed a spiny frog
   949 | D        | Noticed a five-headed hydra
   951 | D        | Killed an elephant
   961 | D        | Killed an eight-headed hydra
   961 | D        | Reached skill level 10 in Invocations
   961 | D        | Reached XP level 10. HP: 64/101 MP: 16/16
  1292 | D        | Noticed a lindwurm
  1292 | D        | Noticed a lindwurm
  1292 | D        | Noticed a lindwurm
  1298 | D        | Killed a lindwurm
  1300 | D        | Killed a lindwurm
  1307 | D        | Killed a lindwurm
  1882 | D        | Noticed an orc high priest
  1889 | D        | Noticed a rust devil
  1890 | D        | Killed an orc high priest
  1939 | D        | Noticed an orc knight
  1939 | D        | Noticed an orc sorcerer
  1939 | D        | Noticed an orc high priest
  1942 | D        | Killed an orc sorcerer
  1945 | D        | Killed an orc high priest
  1945 | D        | Reached XP level 11. HP: 79/111 MP: 7/18
  1950 | D        | Killed an orc knight
  1982 | D        | Found Liprerie's Magic Scroll Boutique.
  1982 | D        | Noticed an orc high priest
  1986 | D        | Found Osu Tar's Antique Weapon Shop.
  1986 | D        | Noticed an orc high priest
  1988 | D        | Noticed a sun demon
  1990 | D        | Killed an orc high priest
  1990 | D        | Reached skill level 15 in Fighting
  1990 | D        | Reached skill level 15 in Armour
  1990 | D        | Reached skill level 15 in Shields
  1994 | D        | Noticed a sixfirhy
  1996 | D        | Killed an orc high priest
  2005 | D        | Found Xoug's Gadget Boutique.
  2009 | D        | Found Vios's Armour Shop.
  2013 | D        | Noticed an orc high priest
  2014 | D        | Reached skill level 15 in Axes
  2024 | D        | Killed an orc high priest
  2042 | D        | Bought a scroll of enchant armour for 105 gold pieces
  2042 | D        | Bought a scroll of immolation for 49 gold pieces
  2042 | D        | Bought a scroll of acquirement for 728 gold pieces
  2042 | D        | Bought a scroll of identify for 28 gold pieces
  2048 | D        | Bought a scarf of repulsion for 156 gold pieces
  2307 | D        | Noticed Erica
  2324 | D        | Killed Erica
  2506 | D        | Noticed an ogre mage
  2509 | D        | Noticed a brown ugly thing
  2521 | D        | Killed an ogre mage
  2524 | D        | Killed a brown ugly thing
  2531 | D        | Noticed a spark wasp
  2531 | D        | Noticed a lich
  2542 | D        | Killed a spark wasp
  2545 | D        | Killed a lich
  2545 | D        | Reached XP level 12. HP: 58/124 MP: 7/21
  2834 | D        | Noticed Harold
  2842 | D        | Killed Harold
  2984 | D        | Noticed an emperor scorpion
  3009 | D        | Killed an emperor scorpion
  3041 | D        | Noticed a merfolk javelineer
  3041 | D        | Noticed a merfolk javelineer
  3042 | D        | Noticed a merfolk avatar
  3050 | D        | Killed a merfolk javelineer
  3054 | D        | Killed a merfolk javelineer
  3057 | D        | Killed a merfolk avatar
  3536 | D        | Noticed a four-headed hydra
  3550 | D        | Killed a 12-headed hydra
  3550 | D        | Reached skill level 1 in Throwing
  3551 | D        | Reached XP level 13. HP: 41/134 MP: 7/22
  3952 | D        | Reached skill level 5 in Dodging
  3956 | D        | Reached skill level 5 in Throwing
  4306 | D        | Noticed Nergalle
  4326 | D        | Killed Nergalle
  4531 | D        | Noticed Saint Roka
  4557 | D        | Killed Saint Roka
  5258 | D        | Noticed a fire giant
  5258 | D        | Noticed a stone giant
  5273 | D        | Killed a stone giant
  5275 | D        | Killed a fire giant
  5291 | D        | Noticed a fire giant
  5299 | D        | Killed a fire giant
  5299 | D        | Reached skill level 10 in Dodging
  5305 | D        | Reached XP level 14. HP: 93/148 MP: 4/23
  5318 | D        | Noticed a stone giant
  5323 | D        | Killed a stone giant
  5332 | D        | Reached skill level 10 in Throwing
  5555 | D        | Noticed an ironheart preserver
  5559 | D        | Noticed an ironheart preserver
  5571 | D        | Killed an ironheart preserver
  5575 | D        | Killed an ironheart preserver
  5582 | D        | Noticed an ironheart preserver
  5593 | D        | Killed an ironheart preserver
  5608 | D        | Noticed a fire giant
  5616 | D        | Noticed a stone giant
  5627 | D        | Killed a fire giant
  5634 | D        | Killed a stone giant
  6174 | D        | Found the +10 large shield of Ignorance {rN+ Int-4}
  6275 | D        | Noticed Margery
  6288 | D        | Killed Margery
  6745 | D        | Noticed Louise
  6753 | D        | Killed Louise
  6787 | D        | Reached XP level 15. HP: 151/160 MP: 24/24
  6830 | D        | Got a decaying rune of Zot
  6838 | D        | Noticed Ilsuiw
  6858 | D        | Reached skill level 15 in Dodging
  6863 | D        | Killed Ilsuiw
  6896 | D        | Got a barnacled rune of Zot
  7059 | D        | Noticed a nagaraja
  7060 | D        | Noticed a nagaraja
  7067 | D        | Noticed a nagaraja
  7074 | D        | Killed a nagaraja
  7075 | D        | Killed a nagaraja
  7082 | D        | Killed a nagaraja
  7088 | D        | Reached skill level 15 in Throwing
  7105 | D        | Got a serpentine rune of Zot
  7323 | D        | Noticed a ghost moth
  7323 | D        | Noticed a ghost moth
  7327 | D        | Noticed a ghost moth
  7331 | D        | Killed a ghost moth
  7345 | D        | Killed a ghost moth
  7354 | D        | Killed a ghost moth
  7403 | D        | Got a gossamer rune of Zot
  7712 | D        | Noticed Xtahua
  7713 | D        | Noticed Nessos
  7724 | D        | Killed Xtahua
  7731 | D        | Killed Nessos
  7890 | D        | Reached XP level 16. HP: 176/176 MP: 25/25
  8045 | D        | Noticed an ancient lich
  8065 | D        | Killed an ancient lich
  8068 | D        | Noticed a shadow dragon
  8082 | D        | Noticed a shadow dragon
  8086 | D        | Killed a shadow dragon
  8092 | D        | Noticed a sphinx
  8107 | D        | Killed a shadow dragon
  8112 | D        | Killed a sphinx
  8192 | D        | Noticed a shadow dragon
  8192 | D        | Noticed a golden dragon
  8192 | D        | Noticed a shadow dragon
  8193 | D        | Noticed a shadow dragon
  8196 | D        | Killed a shadow dragon
  8197 | D        | Noticed a quicksilver dragon
  8203 | D        | Noticed a titan
  8216 | D        | Killed a golden dragon
  8225 | D        | Killed a shadow dragon
  8234 | D        | Killed a shadow dragon
  8238 | D        | Killed a quicksilver dragon
  8238 | D        | Reached XP level 17. HP: 82/190 MP: 20/26
  8240 | D        | Killed a titan
  8257 | D        | Got a silver rune of Zot
  8452 | D        | Noticed Mennas
  8472 | D        | Killed Mennas
  8472 | D        | Reached skill level 27 in Fighting
  8531 | D        | Noticed Sojobo
  8532 | D        | Noticed Boris
  8540 | D        | Reached skill level 27 in Armour
  8549 | D        | Killed Sojobo
  8549 | D        | Reached skill level 27 in Shields
  8564 | D        | Killed Boris
  8601 | D        | Got the ring of Sipruod {Str-4 Dex+6 SInv}
  8604 | D        | Got the amulet "Buschaco" {RegenMP rF+}
  8606 | D        | Got the ring of Redetoxi {rPois MR+ Str+6 Int+5 Dex-4}
  8608 | D        | Found the +6 arbalest "Damnation" {damnation}
  8608 | D        | Got the ring of Owkebem {Dex+3 Slay+3}
  8610 | D        | Got the ring of Nigreu {MR++ Int+3 Dex+7}
  8702 | D        | Noticed Agnes
  8706 | D        | Killed Agnes
  8706 | D        | Reached skill level 10 in Maces & Flails
  8738 | D        | Noticed Kirke
  8751 | D        | Killed Kirke
  8787 | D        | Reached skill level 5 in Unarmed Combat
  8833 | D        | Reached skill level 15 in Invocations
  9017 | D        | Noticed a quicksilver dragon
  9030 | D        | Killed a quicksilver dragon
  9032 | D        | Reached skill level 10 in Unarmed Combat
  9250 | D        | Noticed a golden dragon
  9262 | D        | Reached skill level 15 in Maces & Flails
  9262 | D        | Reached XP level 18. HP: 194/200 MP: 29/29
  9279 | D        | Killed a golden dragon
  9550 | D        | Noticed a tentacled monstrosity
  9569 | D        | Killed a tentacled monstrosity
  9709 | D        | Noticed a tentacled monstrosity
  9717 | D        | Killed a tentacled monstrosity
  9942 | D        | Noticed an Orb Guardian
  9942 | D        | Noticed an Orb Guardian
  9942 | D        | Noticed an Orb Guardian
  9942 | D        | Noticed an Orb Guardian
  9942 | D        | Noticed an Orb Guardian
  9942 | D        | Noticed an Orb Guardian
  9950 | D        | Killed an Orb Guardian
  9950 | D        | Reached skill level 15 in Unarmed Combat
  9956 | D        | Killed an Orb Guardian
  9960 | D        | Killed an Orb Guardian
  9962 | D        | Killed an Orb Guardian
  9966 | D        | Noticed an Orb Guardian
  9967 | D        | Killed an Orb Guardian
  9973 | D        | Killed an Orb Guardian
  9979 | D        | Killed an Orb Guardian
  9981 | D        | Noticed an Orb Guardian
  9982 | D        | Noticed an Orb Guardian
  9988 | D        | Killed an Orb Guardian
  9992 | D        | Killed an Orb Guardian
  9993 | D        | Noticed an Orb Guardian
  9997 | D        | Killed an Orb Guardian
 10004 | D        | Noticed a tentacled monstrosity
 10004 | D        | Noticed an Orb Guardian
 10004 | D        | Noticed an Orb Guardian
 10013 | D        | Noticed an Orb Guardian
 10015 | D        | Killed an Orb Guardian
 10020 | D        | Killed a tentacled monstrosity
 10028 | D        | Noticed an Orb Guardian
 10030 | D        | Killed an Orb Guardian
 10045 | D        | Killed an Orb Guardian
 10055 | D        | Killed an Orb Guardian
 10055 | D        | Reached XP level 19. HP: 182/207 MP: 32/32
 10070 | D        | Noticed an ancient lich
 10074 | D        | Killed an ancient lich
 10074 | D        | Reached skill level 27 in Dodging
 10077 | D        | Noticed an orb of fire
 10080 | D        | Gained mutation: You do not regenerate when monsters are
                  | visible. [an orb of fire]
 10088 | D        | Gained mutation: You are dopey. (Int -2) [an orb of fire]
 10090 | D        | Killed an orb of fire
 10414 | D        | Noticed an electric golem
 10420 | D        | Killed an electric golem
 10436 | D        | Noticed an electric golem
 10436 | D        | Noticed an electric golem
 10436 | D        | Noticed a golden dragon
 10445 | D        | Killed a golden dragon
 10447 | D        | Noticed an orb of fire
 10449 | D        | Noticed an ancient lich
 10464 | D        | Gained mutation: You evolve. [an orb of fire]
 10467 | D        | Killed an orb of fire
 10472 | D        | Killed an ancient lich
 10498 | D        | Killed an electric golem
 10501 | D        | Killed an electric golem
 10511 | D        | Lost mutation: You are dopey. (Int -2) [evolution]
 10656 | D        | Reached skill level 27 in Throwing
 10717 | D        | Reached XP level 20. HP: 120/216 MP: 33/35
 10992 | D        | Noticed an ancient lich
 11003 | D        | Noticed an ancient lich
 11012 | D        | Killed an ancient lich
 11015 | D        | Killed an ancient lich
 11025 | D        | Paralysed by a vampire knight for 3 turns
 11463 | D        | Reached skill level 27 in Maces & Flails
 11544 | D        | Reached skill level 27 in Axes
 11552 | D        | Reached skill level 27 in Invocations
 11553 | D        | Noticed the Royal Jelly
 11563 | D        | Killed the Royal Jelly
 11563 | D        | Reached skill level 27 in Unarmed Combat
 11596 | D        | Reached skill level 10 in Evocations
 11611 | D        | Paralysed by a floating eye for 2 turns
 11634 | D        | Got a slimy rune of Zot
 11965 | D        | Got an elven rune of Zot
 12087 | D        | Reached XP level 21. HP: 224/224 MP: 37/37
 12092 | D        | Reached skill level 10 in Spellcasting
 12132 | D        | Reached skill level 15 in Evocations
 13033 | D        | HP: 8/223 [something (22)]
 13836 | D        | Noticed a greater mummy
 13836 | D        | Noticed a greater mummy
 13837 | D        | Noticed a greater mummy
 13842 | D        | Noticed a greater mummy
 13850 | D        | Killed a greater mummy
 13896 | D        | HP: 10/224 [something (25)]
 13910 | D        | Killed a greater mummy
 13910 | D        | HP: 9/224 [torment (5)]
 13915 | D        | HP: 9/224 [greater mummy/divine providence (10)]
 13921 | D        | Killed a greater mummy
 13921 | D        | Reached skill level 15 in Spellcasting
 13921 | D        | Killed by a greater mummy's death curse

Skill      XL: |  1  2  3  4  5  6  7  8  9 10 11 12 13 14 15 16 17 18 19 20 21 |
---------------+----------------------------------------------------------------+-----
Fighting       | 4 6 8 9 10 11 13 14 16 18 20 22 24 26 27 | 27.0
Armour         | 4 6 8 9 10 11 13 14 16 18 19 21 24 26 27 | 27.0
Shields        | 4 6 8 9 10 11 13 14 16 18 19 21 24 26 27 | 27.0
Axes           | 3 5 6 7 8 10 11 13 14 16 18 23 27 | 27.0
Invocations    | 1 3 5 6 8 10 11 13 14 16 20 24 27 | 27.0
Throwing       | 2 9 13 16 19 22 25 27 | 27.0
Dodging        | 2 10 14 17 20 24 26 27 | 27.0
Maces & Flails | 15 20 25 27 | 27.0
Unarmed Combat | 11 17 22 27 | 27.0
Spellcasting   | 9 15 | 15.3
Evocations     | 12 19 | 19.0

Action                   |  1- 3 |  4- 6 |  7- 9 | 10-12 | 13-15 | 16-18 | 19-21 || total
-------------------------+-------+-------+-------+-------+-------+-------+-------++-------
Melee: War axe           |    20 |    22 |    70 |   152 |   166 |       |       ||   430
       Headbutt          |     4 |     6 |    23 |    54 |   162 |   228 |   159 ||   636
       Broad axe         |       |       |       |       |   217 |   560 |     5 ||   782
       Sacred scourge    |       |       |       |       |       |       |   381 ||   381
Throw: Tomahawk          |       |       |       |     5 |       |       |       ||     5
       Javelin           |       |       |       |       |    44 |    24 |    12 ||    80
Invok: Slouch            |       |       |     1 |    18 |    27 |    16 |    40 ||   102
  Use: Potion            |       |       |     2 |     3 |     4 |     4 |    15 ||    28
       Scroll            |       |       |       |       |       |    10 |     9 ||    19
  Eat: Chunk             |       |       |     2 |       |     1 |       |       ||     3
       Ration            |       |       |     1 |     1 |     3 |     2 |     3 ||    10
Armor: Scale mail        |    12 |       |       |       |       |       |       ||    12
       Chain mail        |       |     8 |    25 |    59 |     4 |       |       ||    96
       Plate armour      |       |       |       |       |    46 |     9 |       ||    55
       Gold dragon scale |       |       |       |       |       |    29 |    45 ||    74
Dodge: Dodged            |     7 |     3 |    14 |    43 |   133 |   146 |   113 ||   459
       Deflected         |       |       |       |     2 |     7 |     4 |     6 ||    19
Block: Shield            |     8 |     9 |    35 |   115 |    88 |       |       ||   255
       Large shield      |       |       |       |       |   363 |   667 |   370 ||  1400
